 Dungeon Crawl Stone Soup version 0.29-a0-997-gf6f7e2dfe7 (webtiles) character file.

Game seed: 12474728160078914687

112 Sweeb the Slasher (level 4, -10/28 HPs)
             Began as a Tengu Monk on Aug 5, 2022.
             Was a Believer of Dithmenos.
             Killed by divine providence
             ... invoked by an orc priest
              (15 damage)
             ... on level 5 of the Dungeon.
             The game lasted 00:04:17 (3332 turns).

Sweeb the Slasher (Tengu Monk)                      Turns: 3332, Time: 00:04:18

Health: -10/28     AC:  6    Str: 12    XL:     4   Next: 95%
Magic:  5/5        EV: 12    Int: 10    God:    Dithmenos [**....]
Gold:   1040       SH:  0    Dex: 18    Spells: 3/3 levels left

rFire   + . .      SeeInvis .   a - +0 falchion
rCold   . . .      Faith    .   (no shield)
rNeg    . . .      Spirit   .   k - +0 ring mail
rPois   .          Reflect  .   (helmet restricted)
rElec   .          Harm     .   (no cloak)
rCorr   .          Rampage  .   f - +0 pair of gloves
Will    .....                   (boots unavailable)
Stlth   ++........              (no amulet)
HPRegen 0.09/turn               h - ring of protection from fire
MPRegen 0.09/turn               (no ring)

@: wreathed by umbra
A: beak, talons 3
a: Renounce Religion, Shadow Step


You were on level 5 of the Dungeon.
You worshipped Dithmenos.
Dithmenos was pleased with you.
You visited 2 branches of the dungeon, and saw 6 of its levels.

You collected 1040 gold pieces.

Inventory:

Hand Weapons
 a - a +0 falchion (weapon)
 j - a +0 whip of electrocution
Armour
 b - a +0 robe
 f - a +0 pair of gloves (worn)
 k - a +0 ring mail (worn)
Jewellery
 h - a ring of protection from fire (left hand)
Scrolls
 e - a scroll of vulnerability
 i - a scroll of butterflies
Potions
 c - a potion of ambrosia
 g - a potion of berserk rage {unknown}
 o - a potion of curing {unknown}
 r - a potion of might
 s - a potion of brilliance {unknown}


   Skills:
 + Level 3.5 Fighting
 * Level 4.5 Long Blades
 + Level 4.0 Dodging
 + Level 2.9 Stealth


You had 3 spell levels left.
You didn't know any spells.
Your spell library contained the following spells:

 Spells                   Type           Power      Damage    Failure   Level
 Foxfire                  Conj/Fire      0%         2x1d4     65%         1
 Conjure Flame            Conj/Fire      0%         6-21      95%         3
 Inner Flame              Hex/Fire       0%         N/A       95%         3
 Flame Wave               Conj/Fire      0%         2d4       100%        4
 Fulminant Prism          Conj/Hex       0%         3d6       100%        4
 Iskenderun's Mystic Bla  Conj/Tloc      0%         2d3       100%        4
 Lee's Rapid Deconstruct  Erth           0%         3d5*      100%        5


Dungeon Overview and Level Annotations

Branches:
Dungeon (6/15)             Temple (1/1) D:5

Altars:
Ashenzari
Cheibriados
Dithmenos
Elyvilon
Gozag
Hepliaklqana
Kikubaaqudgha
Nemelex Xobeh
Okawaru
Qazlal
Sif Muna
Trog
Vehumet
Wu Jian
Xom
Yredelemnul
Zin


Innate Abilities, Weirdness & Mutations

You have a beak for a mouth.
You have claws for feet.


Message History

The jelly hits you.
You are splashed with acid!
The orc priest miscasts a cantrip.
You hit the orc priest.
You claw the orc priest, but do no damage.
The orc priest is lightly wounded.
The orc priest hits you with a +0 war axe.
The jelly barely misses you.
You closely miss the orc priest. You claw the orc priest.
The orc priest is moderately wounded.
An orc comes into view. It is wielding a +0 short sword.
The orc priest closely misses you. The orc closely misses you.
The jelly hits you but does no damage.
The orc shouts!
You hit the orc priest. Your kick misses the orc priest.
The orc priest is heavily wounded.
The orc hits you but does no damage. The jelly hits you but does no damage.
The orc priest hits you with a +0 war axe!
* * * LOW HITPOINT WARNING * * *
You barely miss the orc priest. Your kick misses the orc priest.
Your peck misses the orc priest.
The orc priest is heavily wounded.
The jelly hits you but does no damage. The orc hits you but does no damage.
The orc priest barely misses you. The orc attacks as you move away!
The orc barely misses you. The jelly closely misses you.
The orc priest completely misses you. The orc hits you but does no damage.
The orc priest completely misses you.
The orc priest attacks as you move away!
The orc priest barely misses you. The orc attacks as you move away!
The orc closely misses you. The orc misses you.
The orc attacks as you move away! The orc barely misses you.
The orc hits you but does no damage. The orc attacks as you move away!
The orc barely misses you. The orc attacks as you move away!
The orc hits you but does no damage. The orc attacks as you move away!
The orc closely misses you. The orc misses you.
The orc attacks as you move away! The orc completely misses you.
The orc priest invokes the aid of Beogh against you.
Beogh smites you!
Ouch! That really hurt!
You die...

###############
#...@oo........
######...#####
#...#####
#..o....#
#.......#
#.......#
#.......#
#.......#
####....#


You could see an orc priest and 2 orcs.

Vanquished Creatures
  A hound (D:5)
  An adder (D:2)
  A white imp (D:5)
  An ufetubus (D:5)
  3 worms (D:2)
  An orc (D:5)
  4 ball pythons
  6 endoplasms
  4 giant cockroaches
  4 goblins
  6 hobgoblins
  4 kobolds
  3 quokkas (D:1)
  4 bats
  A frilled lizard (D:2)
  4 rats
48 creatures vanquished.

Notes
Turn   | Place    | Note
-------+----------+-------------------------------------------
     0 | D:1      | Sweeb the Tengu Monk began the quest for the Orb.
     0 | D:1      | Reached XP level 1. HP: 14/14 MP: 2/2
   136 | D:1      | Reached XP level 2. HP: 18/19 MP: 3/3
   173 | D:1      | Found a faded altar of an unknown god.
   769 | D:1      | Reached XP level 3. HP: 23/23 MP: 4/4
  1497 | D:2      | Reached XP level 4. HP: 10/28 MP: 5/5
  2116 | D:2      | Identified a scroll of acquirement
  2116 | D:2      | Acquired 939 gold pieces
  2380 | D:3      | You fall into a shaft and drop 3 floors!
  2401 | D:5      | Entered Level 5 of the Dungeon
  2560 | D:5      | HP: 1/28 [acid (9)]
  2907 | D:5      | Noticed a scorpion
  2930 | D:5      | Noticed a scorpion
  2938 | D:5      | Found a staircase to the Ecumenical Temple.
  2941 | Temple   | Entered the Ecumenical Temple
  2941 | Temple   | Found a transporter.
  2941 | Temple   | Found a transporter.
  3211 | Temple   | Found a transporter.
  3211 | Temple   | Found a transporter.
  3254 | Temple   | Became a worshipper of Dithmenos the Shadowed
  3254 | Temple   | Reached * piety under Dithmenos
  3254 | Temple   | Reached ** piety under Dithmenos
  3332 | D:5      | Killed from afar by an orc priest

Illustrated notes

Levels and vault maps discovered:
D:1:      dpeg_arrival_boxes_within_box, layout_loops_ring,
          ebering_ecumenical_altar_ruins
D:2:      layout_basic, nicolae_wormholes
D:3:      layout_basic, grunt_decor_arrowhead, uniq_robin
D:5:      layout_basic, temple_pool_b, kennysheep_potato
D:6:      layout_cave_pods, mainiacjoe_overflow_surrounded_room,
          ebering_ghost_gozag, corexii_checkpoint_a, dk_noncrumbling_3
Temple:   hellmonk_temple_divided_pantheon

Skill      XL: |  1  2  3  4 |
---------------+-------------+-----
Long Blades    | 4 |  4.5
Dodging        | 4 |  4.0
Fighting       | |  3.5
Stealth        | |  2.9

Action                   |  1- 3 |  4- 6 || total
-------------------------+-------+-------++-------
Melee: Falchion          |    80 |    42 ||   122
       Kick              |    19 |    15 ||    34
       Peck              |     9 |     3 ||    12
       Punch             |     1 |       ||     1
  Use: Scroll            |       |    14 ||    14
       Potion            |       |     2 ||     2
 Stab: Sleeping          |     4 |       ||     4
       Distracted        |       |     1 ||     1
Armor: Robe              |     8 |       ||     8
       Ring mail         |    21 |    26 ||    47
Dodge: Dodged            |    44 |    61 ||   105

Table legend: (Time is in decaauts)
 A = Elapsed time spent in this place.
 B = Non-inter-level travel time spent in this place.
 C = Inter-level travel time spent in this place.
 D = Time resting spent in this place.
 E = Time spent auto-exploring this place.
 F = Levels seen in this place.
 G = Mean time per level.
                   A        B        C        D        E       F      G
               +--------+--------+--------+--------+--------+-----+--------+
         Total |   3344 |   3261 |     83 |   1090 |   1557 |   6 |  557.3 |
       Dungeon |   3014 |   2941 |     73 |    822 |   1557 |   5 |  602.8 |
        Temple |    330 |    320 |     10 |    268 |      0 |   1 |  330.0 |
               +--------+--------+--------+--------+--------+-----+--------+

Top non-repeatable levels by time:
     D:2: 1295 daAuts
     D:1: 961 daAuts
     D:5: 603 daAuts
  Temple: 330 daAuts
     D:3: 132 daAuts
     D:6: 21 daAuts
